Map: Orbital Shipyard

Players

werd

  • Race: Zerg Zerg

Miszu - Winner!

  • Race: Terran Terran
  • League: Master

VOD

Have the link to the VOD?

Description

Time

  • Played on: March 7, 2016, 5 p.m.
  • Length: 12:06
Show
View Real Time Build Order
Export as new Build Order

werd Zerg 

Build Orders: Hatch First, Muta Ling Bane 

Get SALT Encoding   

  12  0:00  Drone  
  13  0:12  Overlord  
  13  0:17  Drone  
  14  0:31  Drone x2  
  14  0:35  Drone  
  17  0:52  Hatchery  
  17  0:54  Drone  
  17  0:58  Drone  
  18  1:08  Extractor  
  17  1:13  Spawning Pool  
  17  1:15  Drone  
  18  1:18  Drone  
  18  1:30  Drone  
  19  1:39  Drone  
  20  1:49  Overlord  
  20  1:59  Queen  
  22  2:03  Queen  
  22  2:04  Zergling x4  
  26  2:09  Metabolic Boost  
  26  2:12  Drone  
  26  2:14  Drone  
  28  2:22  Drone  
  29  2:25  Drone  
  30  2:32  Overlord  
  30  2:35  Queen  
  32  2:39  Queen  
  32  2:43  Drone x2  
  36  2:57  Zergling x4  
  36  2:58  Zergling x2  
  39  3:06  Overlord  
  39  3:19  Queen  
  41  3:20  Zergling x6  
  41  3:22  Overlord x2  
  44  3:45  Drone x9  
  44  3:46  Drone  
  54  3:50  Zergling x2  
  54  3:57  Zergling x4  
  54  3:58  Hatchery  
  54  4:01  Queen  
  57  4:06  Zergling x2  
  58  4:13  Zergling x2  
  59  4:18  Zergling x2  
  59  4:20  Hatchery  
  59  4:27  Zergling x10  
  59  4:28  Overlord  
  64  4:31  Extractor, Zergling x4  
  65  4:47  Hatchery  
  65  4:51  Drone x4  
  68  4:56  Drone  
  68  4:58  Drone  
  68  4:59  Drone  
  72  5:00  Drone x2  
  72  5:01  Drone x2  
  72  5:03  Drone  
  76  5:08  Evolution Chamber  
  76  5:09  Overlord, Evolution Chamber  
  74  5:21  Overlord  
  74  5:23  Overlord  
  74  5:29  Overlord  
  74  5:32  Drone x4  
  74  5:34  Drone  
  78  5:39  Drone x3  
  73  5:47  Zerg Melee Weapons Level 1, Zerg Ground Armor Level 1  
  73  5:49  Drone  
  72  5:50  Drone x3  
  72  5:55  Drone x2  
  77  6:02  Drone x2  
  77  6:04  Extractor, Drone  
  80  6:05  Extractor  
  80  6:06  Drone  
  80  6:10  Drone  
  80  6:12  Lair  
  80  6:14  Drone  
  80  6:15  Baneling Nest, Drone x2  
  80  6:16  Drone  
  83  6:33  Zergling x4  
  83  6:34  Zergling x20  
  83  6:38  Overlord  
  95  6:42  Zergling x4  
  97  6:51  Zergling x8  
  101  6:55  Extractor x2  
  101  6:57  Overlord x2  
  101  6:58  Hatchery  
  97  7:04  Zergling x22  
  104  7:15  Drone x7  
  96  7:20  Centrifical Hooks  
  96  7:25  Drone x5  
  96  7:27  Spire  
  96  7:28  Drone x2  
  102  7:32  Zergling x2  
  102  7:35  Baneling  
  102  7:36  Baneling x8  
  103  7:39  Drone x2  
  103  7:40  Spore Crawler  
  103  7:41  Spore Crawler  
  103  7:43  Zergling x10  
  108  7:46  Baneling x2  
  108  7:47  Baneling  
  108  7:56  Zergling x18  
  114  8:06  Zergling x14  
  114  8:07  Zerg Ground Armor Level 2, Zerg Melee Weapons Level 2  
  121  8:15  Zergling x10  
  125  8:20  Zergling x4  
  114  8:40  Mutalisk x8  
  130  8:43  Drone x10  
  130  8:46  Extractor  
  130  8:47  Mutalisk  
  141  8:54  Mutalisk  
  136  8:59  Mutalisk  
  136  9:00  Zergling x8  
  141  9:06  Overlord x3  
  141  9:15  Baneling  
  141  9:16  Baneling x6, Hatchery  
  140  9:17  Zergling x2  
  140  9:22  Overlord  
  141  9:26  Zergling x26  
  141  9:28  Baneling x7  
  154  9:37  Zergling x10  
  159  9:38  Overlord x2  
  159  9:39  Overlord, Overseer  
  159  9:44  Zergling x4  
  161  9:47  Baneling  
  161  9:48  Baneling x14  
  161  9:52  Zergling x10  
  164  9:57  Zergling x12  
  151  10:11  Zergling x28  
  135  10:16  Mutalisk x3  
  134  10:33  Mutalisk x4  
  142  10:45  Zergling x36  
  142  10:47  Baneling x5  
  142  10:48  Baneling x7  
  160  10:53  Zergling x12  
  166  11:00  Baneling x9  
  163  11:04  Zergling x2  
  163  11:05  Zergling x2  
  163  11:09  Zergling x20  
  154  11:12  Zergling x2  
  154  11:15  Zergling x2  
  135  11:19  Zergling x6  
  135  11:21  Zergling x2  
  121  11:29  Zergling x10  
  121  11:33  Baneling x4  
  121  11:34  Zergling x4  
  121  11:41  Overseer  
  121  11:44  Zergling x12  
Show
View Real Time Build Order
Export as new Build Order

Miszu Terran - Winner!

Build Orders: MMM Bio 

Get SALT Encoding   

  12  0:00  SCV  
  13  0:13  SCV  
  14  0:18  Supply Depot  
  14  0:25  SCV  
  15  0:40  SCV  
  15  0:42  Barracks  
  16  0:43  Refinery  
  16  0:52  SCV  
  17  1:00  Barracks  
  17  1:04  SCV  
  18  1:16  SCV  
  19  1:29  Orbital Command  
  19  1:30  Reaper  
  20  1:34  Barracks  
  20  1:48  Supply Depot, Reaper  
  20  1:51  Refinery  
  21  1:55  SCV  
  22  2:03  Reaper  
  23  2:10  SCV  
  24  2:17  Supply Depot  
  24  2:20  Reaper  
  24  2:22  SCV  
  26  2:29  Reaper  
  27  2:37  SCV  
  28  2:38  Reaper  
  29  2:49  SCV  
  30  2:53  Reaper  
  31  3:00  Command Center  
  31  3:01  Reaper  
  31  3:02  SCV  
  32  3:14  Reaper  
  32  3:15  SCV  
  34  3:41  Reaper  
  34  3:43  SCV  
  37  3:51  Command Center  
  37  3:55  SCV  
  37  3:59  Barracks Reactor  
  37  4:00  Barracks Tech Lab  
  37  4:08  SCV  
  38  4:15  Factory, Orbital Command  
  38  4:20  Marine, SCV  
  38  4:21  Stimpack  
  41  4:25  Barracks Tech Lab  
  40  4:32  SCV  
  40  4:36  Marine  
  40  4:37  Marine  
  43  4:44  SCV  
  44  4:46  SCV  
  44  4:47  Marine x2  
  44  4:51  Combat Shields  
  47  4:56  SCV  
  47  4:58  SCV  
  49  5:00  Factory Reactor  
  49  5:01  Starport  
  49  5:03  Refinery x2, Marine x2  
  51  5:07  Orbital Command  
  51  5:08  SCV  
  51  5:10  SCV  
  53  5:20  Marine, SCV  
  53  5:21  Marine x3  
  56  5:22  SCV  
  56  5:28  Engineering Bay  
  59  5:29  Engineering Bay  
  59  5:32  SCV  
  59  5:33  SCV  
  59  5:34  SCV  
  62  5:38  Marine  
  62  5:42  Orbital Command  
  58  5:44  Marine  
  58  5:45  Marine  
  58  5:46  SCV  
  58  5:47  SCV  
  63  5:55  Terran Infantry Weapons Level 1  
  63  5:56  Terran Infantry Armor Level 1, Factory Tech Lab  
  64  5:57  Medivac x2  
  64  6:00  SCV  
  64  6:03  SCV  
  69  6:05  Supply Depot  
  69  6:06  Supply Depot  
  69  6:08  SCV  
  69  6:18  Supply Depot  
  69  6:24  Supply Depot  
  69  6:25  Supply Depot  
  69  6:27  Marine, SCV x3  
  69  6:28  Concussive Shells  
  69  6:29  Marauder  
  69  6:30  Barracks  
  69  6:31  Barracks  
  75  6:37  Marine, Marauder  
  75  6:39  SCV x3  
  81  6:41  Siege Tank  
  81  6:44  Marine  
  85  6:48  Medivac x2  
  85  6:51  Marauder, SCV  
  85  6:53  SCV  
  94  6:54  SCV  
  94  6:57  Supply Depot  
  94  7:03  SCV  
  94  7:04  Marine, Marauder  
  98  7:12  Marine, Marauder  
  92  7:19  Barracks Reactor  
  92  7:20  Barracks Reactor  
  92  7:22  Marine  
  94  7:26  Marauder  
  94  7:30  Marine  
  94  7:33  Marine, Factory Reactor  
  94  7:34  Barracks  
  94  7:35  Barracks  
  94  7:36  Barracks  
  96  7:37  SCV x3  
  96  7:38  Armory  
  96  7:42  Supply Depot  
  96  7:43  Supply Depot  
  99  7:44  Supply Depot  
  99  7:45  Marine  
  99  7:46  Marine, Medivac x2  
  99  7:49  SCV x3  
  108  7:59  Marine x5, Marauder  
  108  8:01  SCV x2  
  108  8:04  Marine, SCV  
  119  8:07  Marine  
  120  8:13  SCV  
  120  8:15  Widow Mine x2  
  120  8:16  Medivac  
  120  8:17  Marine x5  
  132  8:20  Marine  
  132  8:21  Marine  
  122  8:35  Marine x2  
  122  8:36  Marine x7  
  122  8:37  Medivac  
  122  8:38  Marine  
  122  8:39  Marine  
  135  8:53  Marine x5  
  135  8:54  Marine x4  
  137  8:55  Marine  
  137  8:57  Marine  
  137  9:01  Terran Infantry Weapons Level 2  
  135  9:03  Terran Infantry Armor Level 2  
  135  9:11  Marine x6  
  141  9:30  Marine x8, Widow Mine x2  
  141  9:31  Marine x2, Marauder  
  157  9:32  Supply Depot, Missile Turret  
  157  9:35  Supply Depot  
  156  9:48  Marine  
  156  9:51  Marine  
  156  9:52  Marine  
  157  9:53  Marine x3, Medivac x2  
  157  9:54  Marauder  
  157  9:55  Marine  
  157  9:56  Command Center  
  157  9:59  Widow Mine  
  163  10:04  Marine x3  
  163  10:05  Widow Mine  
  163  10:06  Marine  
  158  10:09  Marine  
  158  10:10  Marine  
  158  10:11  Marine x2  
  158  10:12  Marauder  
  158  10:13  Marine  
  129  10:15  Marauder  
  122  10:22  Marine x3  
  122  10:23  Medivac  
  122  10:24  Marine  
  122  10:27  Marine  
  122  10:28  Marine, Widow Mine  
  125  10:29  Marine x2  
  125  10:31  Marine, Medivac  
  125  10:33  Marauder, Widow Mine  
  135  10:36  Marine, Missile Turret  
  135  10:39  Marine  
  135  10:40  Marine x2  
  135  10:42  Marine  
  140  10:45  Marine  
  140  10:46  Marine  
  140  10:48  Missile Turret  
  140  10:49  Factory  
  142  10:53  Medivac  
  142  10:56  Widow Mine  
  148  10:57  Marauder  
  148  11:01  Medivac  
  148  11:02  Widow Mine  
  152  11:06  Missile Turret  
  152  11:08  Marine  
  152  11:09  Marine x8, Marauder  
  154  11:17  Marine  
  131  11:26  Marine x2  
  131  11:27  Marine x4  
  131  11:29  Marine x2  
  131  11:30  Marauder  
  131  11:31  Widow Mine  
  131  11:32  Marine, Medivac x2  
  140  11:36  Marauder  
  140  11:37  Widow Mine  
  144  11:44  Marine  
Tags
 
Add a new tag
Caveats
  • Supply blocks, unpowered buildings, or Contaminate may cause inaccurate times.
  • Supply counts are checked every 10 seconds.